 Dungeon Crawl Stone Soup version 0.30-a0-860-g512cf1e979 (webtiles) character file.

Game seed: 6273569880482457428

1 Bnni the Stinger (level 1, 0/13 HPs)
             Began as a Formicid Venom Mage on Mar 7, 2023.
             Slain by a hobgoblin (5 damage)
             ... on level 1 of the Dungeon.
             The game lasted 00:00:45 (40 turns).

Bnni the Stinger (Formicid Venom Mage)                Turns: 40, Time: 00:00:45

Health: 0/13       AC:  2    Str: 12    XL:     1   Next: 22%
Magic:  1/3        EV: 12    Int: 14    God:
Gold:   0          SH:  0    Dex: 14    Spells: 3/4 levels left

rFire   . . .      SeeInvis +    (no weapon)
rCold   . . .      Faith    .    (no shield)
rNeg    . . .      Spirit   .    a - +0 robe
rPois   .          Reflect  .    (helmet unavailable)
rElec   .          Rampage  .    (no cloak)
rCorr   .                        (no gloves)
Will    .....                    (no boots)
Stlth   ++                       (no amulet)
HPRegen 0.22/turn                (no ring)
MPRegen 0.08/turn                (no ring)

@: no status effects
A: permanent stasis, dig shafts and tunnels, antennae 3, four strong arms
a: Dig, Shaft Self


You were on level 1 of the Dungeon.
You visited 1 branch of the dungeon, and saw 1 of its levels.

Inventory:

Missiles
 c - 2 throwing nets
Armour
 a - a +0 robe (worn)
Potions
 b - a potion of magic


   Skills:
 + Level 0.1 Fighting
 - Level 1.7 Dodging
 - Level 2.4 Stealth
 + Level 2.2 Spellcasting
 - Level 1.1 Transmutations
 * Level 4.0 Poison Magic


You had 3 spell levels left.
You knew the following spells:

 Your Spells              Type           Power      Damage    Failure   Level
a - Sting                 Tmut/Pois      32%        1d4       9%          1

Your spell library contained the following spells:

 Spells                   Type           Power      Damage    Failure   Level
 Poisonous Vapours        Pois/Air       14%        N/A       16%         2
 Mephitic Cloud           Conj/Pois/Air  5%         N/A       38%         3
 Olgreb's Toxic Radiance  Pois           13%        N/A       41%         4


Dungeon Overview and Level Annotations

Branches:
Dungeon (1/15)

Altars:


Innate Abilities, Weirdness & Mutations

You cannot be hasted, slowed, berserked, paralysed or teleported.
You can dig through walls and to a lower floor.
You have a pair of large antennae on your head. (SInv)
Your four strong arms can wield two-handed weapons with a shield.


Message History

Found a staircase leading out of the dungeon.
Found a stone staircase leading down.
Found a stone staircase leading down.
Found a mace.
There is a stone staircase leading down here.
An endoplasm comes into view.
You see here 2 throwing nets.
c - 2 throwing nets An endoplasm is nearby!
A hobgoblin comes into view.
The hobgoblin shouts!
The endoplasm quivers.
Aiming: Sting (safe; 9% risk of failure)
Press: ? - help, Q - select action, (/) - cycle Shift-Dir - straight line, f - endoplasm
Aim: an endoplasm (97% to hit)
The sting hits the endoplasm.
The endoplasm partially resists.
The endoplasm is moderately wounded.
A ball python comes into view.
Aiming: Sting (safe; 9% risk of failure)
Press: ? - help, Q - select action, (/) - cycle Shift-Dir - straight line, f/p - endoplasm
Aim: an endoplasm (moderately wounded, 97% to hit)
The sting hits the endoplasm.
The endoplasm partially resists.
The endoplasm is poisoned.
The endoplasm is heavily wounded.
The endoplasm freezes you.
You are frozen.
Aiming: Sting (safe; 9% risk of failure)
Press: ? - help, Q - select action, (/) - cycle Shift-Dir - straight line, f/p - endoplasm
Aim: an endoplasm (heavily wounded, poisoned, 97% to hit)
The sting hits the endoplasm.
The endoplasm partially resists.
The endoplasm looks even sicker.
The endoplasm is severely wounded.
You kill the endoplasm!
The hobgoblin attacks as you move away! The hobgoblin barely misses you.
The hobgoblin attacks as you move away! The hobgoblin hits you.
The hobgoblin attacks as you move away! The hobgoblin hits you.
The hobgoblin attacks as you move away! The hobgoblin hits you.
The hobgoblin attacks as you move away! The hobgoblin misses you.
The hobgoblin attacks as you move away! The hobgoblin hits you.
You die...

.. #.........S.... #.######
#..........#
#.#....#####.#####...#...#
##............# #.S.#...#
#.P.^.P.####### #...#.....
.##.......### ###.###?.....
......<.....# #..>......###
.##.......#.########.#.###.#.#
#.P...P.#.....@g.S..># .#.#
##.[...###########.### #.#.###
#.# { #.... ... { ####. ##.#)
. .#... # # #. ..


You could see a hobgoblin and a ball python.

Vanquished Creatures
  An endoplasm (D:1)
1 creature vanquished.

Notes
Turn   | Place    | Note
-------+----------+-------------------------------------------
     0 | D:1      | Bnni the Formicid Venom Mage began the quest for the Orb.
     0 | D:1      | Reached XP level 1. HP: 13/13 MP: 3/3
    40 | D:1      | Slain by a hobgoblin

Illustrated notes

Levels and vault maps discovered:
D:1:      dpeg_arrival_orchard, layout_loops_ring, kennysheep_boxes

Action                     || total
---------------------------++-------
   Cast: Sting             ||     3
  Dodge: Dodged            ||     2

Table legend: (Time is in decaauts)
 A = Elapsed time spent in this place.
 B = Non-inter-level travel time spent in this place.
 C = Inter-level travel time spent in this place.
 D = Time resting spent in this place.
 E = Time spent auto-exploring this place.
 F = Levels seen in this place.
 G = Mean time per level.
                   A        B        C        D        E       F      G
               +--------+--------+--------+--------+--------+-----+--------+
         Total |     40 |     40 |      0 |      0 |     18 |   1 |   40.0 |
       Dungeon |     40 |     40 |      0 |      0 |     18 |   1 |   40.0 |
               +--------+--------+--------+--------+--------+-----+--------+

Top non-repeatable levels by time:
     D:1: 40 daAuts
